 Dungeon Crawl Stone Soup version 0.19.1-1-g22dce08 (webtiles) character file.

191 Atlantean the Covered (level 5, -1/33 HPs)
             Began as a Gargoyle Fighter on Jan 9, 2017.
             Slain by a quokka (2 damage)
             ... summoned by Eustachio
             ... on level 4 of the Dungeon.
             The game lasted 00:03:32 (2639 turns).

Atlantean the Covered (Gargoyle Fighter)            Turns: 2639, Time: 00:03:32

Health: -1/33      AC: 11    Str: 21    XL:     5   Next: 70%
Magic:  5/5        EV:  7    Int:  8    God:
Gold:   93         SH:  9    Dex:  9    Spells: 0 memorised, 4 levels left

rFire  . . .     SeeInvis .     a - +0 flail
rCold  . . .     Gourm    .     b - +0 scale mail
rNeg   + . .     Faith    .     c - +0 shield
rPois  ∞         Spirit   .     (no helmet)
rElec  +         Reflect  .     (no cloak)
rCorr  +         Harm     .     (no gloves)
MR     .....                    (no boots)
Stlth  ..........               (no amulet)
                                (no ring)
                                u - ring of resist corrosion

@: no status effects
A: negative energy resistance 1, electricity resistance, unbreathing,
petrification resistance, rot immunity, AC +4
a: no special abilities


You were on level 4 of the Dungeon.
You were not hungry.

You visited 1 branch of the dungeon, and saw 4 of its levels.

You collected 93 gold pieces.

Inventory:

Hand Weapons
 a - a +0 flail (weapon)
Armour
 b - a +0 scale mail (worn)
 c - a +0 shield (worn)
Jewellery
 l - an uncursed amulet of faith
 u - a ring of resist corrosion (left hand)
 w - an uncursed ring of see invisible {unknown}
Scrolls
 e - 3 scrolls of teleportation {unknown}
 g - a scroll of noise {unknown}
 h - 3 scrolls of identify {unknown}
 i - 3 scrolls of blinking {unknown}
 j - a scroll of amnesia {unknown}
 k - a scroll of enchant weapon {unknown}
 m - a scroll of remove curse {unknown}
 q - a scroll of recharging {unknown}
 t - a scroll of fog {unknown}
 v - a scroll of immolation {unknown}
Potions
 d - 4 potions of might
 o - a potion of haste {unknown}
 r - a potion of cure mutation {unknown}
Comestibles
 f - 4 bread rations
 n - 7 chunks of flesh
 p - a royal jelly
 s - a meat ration


   Skills:
 + Level 4.2 Fighting
 + Level 3.3 Maces & Flails
 + Level 4.6 Armour
 + Level 4.2 Shields


You had 4 spell levels left.
You didn't know any spells.

Dungeon Overview and Level Annotations

Branches:
Dungeon (4/15)
 Temple: D:4-7

Altars:
Fedhas

Annotations:
D:4 Eustachio


Innate Abilities, Weirdness & Mutations

You are resistant to torment.
Your stone body is resilient. (AC +4)
You are immune to poison.
You resist negative energy. (rN+)
You are resistant to electric shocks. (rElec)
You can survive without breathing.
You are immune to petrification.
You are immune to rotting.


Message History

The iron imp hits you but does no damage.
You block the quokka's attack.
You hit the iron imp.
The iron imp is severely wounded.
The white imp gestures at you. You block the puff of frost.
The quokka bites you but does no damage.
You block the iron imp's attack. The white imp hits you.
The white imp freezes you.
* * * LOW HITPOINT WARNING * * *
You closely miss the iron imp.
The iron imp is severely wounded.
The quokka twitches its whiskers.
The quokka bites you but does no damage.
The shadow imp picks up a beetle and eats it.
The white imp hits you but does no damage.
The iron imp hits you.
* * * LOW HITPOINT WARNING * * *
The quokka bites you.
You die...

# ### ####. ..# .... #.#
##.########.######
##...##5@rbb.......
#####....5@5###...####
.........#####...?.#
######.## #....$....#
#.#####...# ##.....##.#
#..........#.# #....... .
.....#####...#####.....##.
#....#.................# #
#....#.####.######.....#


You could see Eustachio, an iron imp, a white imp, a shadow imp, a quokka and 2
bats.

Vanquished Creatures
  An orc wizard (D:4)
  2 worker ants
  3 adders
  2 oozes (D:3)
  A worm (D:3)
  3 dart slugs
  A leopard gecko (D:3)
  3 orcs (D:4)
  7 giant cockroaches
  8 hobgoblins
  2 jackals (D:3)
  9 kobolds
  A quokka (D:3)
  2 ball pythons (D:1)
  4 bats
  4 frilled lizards
  8 goblins
  4 rats
65 creatures vanquished.

Notes
Turn   | Place    | Note
-------+----------+-------------------------------------------
     0 | D:1      | Atlantean the Gargoyle Fighter began the quest for the Orb.
     0 | D:1      | Reached XP level 1. HP: 14/14 MP: 1/1
   265 | D:1      | Reached XP level 2. HP: 16/19 MP: 2/2
   903 | D:2      | Reached XP level 3. HP: 23/23 MP: 3/3
  1708 | D:3      | Reached XP level 4. HP: 18/29 MP: 4/4
  2361 | D:3      | Reached XP level 5. HP: 27/33 MP: 5/5
  2414 | D:3      | Found a blossoming altar of Fedhas.
  2592 | D:4      | Noticed Eustachio
  2639 | D:4      | HP: 1/33 [iron imp[Eustachio] (5)]
  2639 | D:4      | Slain by a quokka

Skill      XL: |  1  2  3  4  5 |
---------------+----------------+-----
Armour         | 4 |  4.6
Shields        | 4 |  4.2
Fighting       | 4 |  4.2
Maces & Flails | 3 |  3.3

Action                   |  1- 3 |  4- 6 || total
-------------------------+-------+-------++-------
Melee: Flail             |   174 |   139 ||   313
  Eat: Chunk             |     3 |     3 ||     6
Armor: Scale mail        |   112 |   102 ||   214
Dodge: Dodged            |    54 |    60 ||   114
Block: Shield            |   106 |    97 ||   203
